 Dungeon Crawl Stone Soup version 0.31-a0-237-g2d982f9f85 (webtiles) character file.

Game seed: 2567657573365470289

193 qw the Shooter (level 5, -1/31 HPs)
             Began as a Gargoyle Hexslinger on July 10, 2023.
             Slain by Edmund
             ... wielding a +4 dire flail of draining
              (4 damage)
             ... on level 4 of the Dungeon.
             The game lasted 00:00:58 (2517 turns).

qw the Shooter (Gargoyle Hexslinger)                Turns: 2517, Time: 00:00:59

Health: -1/31      AC: 20    Str: 12    XL:     5   Next: 72%
Magic:  6/6        EV: 10    Int: 13    God:
Gold:   118        SH:  0    Dex: 14    Spells: 5/6 levels left

rFire   . . .        Y - +2 sling (flame)
rCold   . . .        (no shield)
rNeg    + . .        a - +4 ring mail of the Saviour {rPois}
rPois   inf          j - +2 helmet
rElec   +            (no cloak)
rCorr   .            (no gloves)
SInv    .            (no boots)
Will    .....        (no amulet)
Stlth   +            c - +4 ring of protection
HPRegen 0.25/turn    (no ring)
MPRegen 0.10/turn

%: no passive effects
@: no status effects
A: sickness immunity, AC +4, negative energy resistance 1, electricity
resistance, torment resistance 1, petrification resistance
a: no special abilities


You were on level 4 of the Dungeon.
You visited 1 branch of the dungeon, and saw 4 of its levels.

You collected 118 gold pieces.


Innate Abilities, Weirdness & Mutations

You are immune to sickness and miasma.
Your stone body is resilient. (AC +4)
You are immune to poison.
You resist negative energy. (rN+)
You are resistant to electric shocks. (rElec)
You are resistant to unholy torment.
You are immune to petrification.


   Skills:
 + Level 2.7 Fighting
 - Level 5.0 Ranged Weapons
 - Level 1.0 Armour
 - Level 1.5 Dodging
 - Level 1.0 Spellcasting
 - Level 2.6 Hexes


You had 5 spell levels left.
You knew the following spells:

 Your Spells              Type           Power      Damage    Failure   Level
a - Slow                  Hex            28%        N/A       22%         1

Your spell library contained the following spells:

 Spells                   Type           Power      Damage    Failure   Level
 Inner Flame              Hex/Fire       4%         N/A       73%         3
 Portal Projectile        Hex/Tloc       8%         N/A       73%         3
 Cause Fear               Hex            3%         N/A       91%         4

Inventory:

Hand Weapons
 Y - a +2 sling of flaming (weapon)
Armour
 a - the +4 ring mail of the Saviour (worn) {rPois}
   (You found it on level 2 of the Dungeon)

   rPois:     It protects you from poison.
 j - a +2 helmet (worn)
Jewellery
 c - a +4 ring of protection (left hand)
 g - a ring of resist corrosion
Scrolls
 i - a scroll of identify
Potions
 b - a potion of haste {unknown}
 e - a potion of magic {unknown}
 f - a potion of might {unknown}
 k - a potion of attraction {unknown}
 l - a potion of curing {unknown}
 m - a potion of brilliance {unknown}

Dungeon Overview and Level Annotations

Branches:
Dungeon (4/15)
 Temple: D:4-7

Altars:
Zin

Annotations:
D:4 Edmund


Message History

The bat zombie hits you but does no damage.
The bat skeleton hits you but does no damage.
Edmund hits you but does no damage. The bat zombie closely misses you.
You shoot a sling bullet. The sling bullet hits Edmund.
The sling bullet burns Edmund.
Edmund is moderately wounded.
The bat skeleton closely misses you.
The bat zombie hits you but does no damage.
The bat skeleton closely misses you. The bat zombie closely misses you.
The bat skeleton hits you but does no damage.
Edmund hits you but does no damage. The bat zombie barely misses you.
The bat skeleton barely misses you.
You shoot a sling bullet. The sling bullet barely misses Edmund.
The bat zombie hits you but does no damage.
The bat skeleton hits you but does no damage.
The bat zombie hits you but does no damage.
The bat skeleton hits you but does no damage.
The bat zombie barely misses you. Edmund hits you but does no damage.
The bat skeleton barely misses you.
The bat zombie hits you but does no damage.
You shoot a sling bullet. The sling bullet barely misses Edmund.
The bat skeleton barely misses you.
The bat zombie hits you but does no damage.
The bat skeleton barely misses you.
The bat zombie hits you but does no damage.
The bat skeleton hits you but does no damage.
Edmund hits you but does no damage.
The bat zombie hits you but does no damage.
The bat skeleton closely misses you.
Edmund hits you with a +4 dire flail of draining.
You shoot a sling bullet. The sling bullet hits Edmund!
The sling bullet burns Edmund.
Edmund is heavily wounded.
The bat zombie hits you but does no damage.
The bat skeleton hits you but does no damage.
The bat zombie barely misses you.
The bat skeleton hits you but does no damage.
The bat zombie completely misses you. The bat skeleton barely misses you.
Edmund hits you with a +4 dire flail of draining.
You die...

## ..........###
.# #########.##
.# # ## #..# ##
#. .# ####.##
#.#.##.....####
#.}.#.....?..## .
#..'.........#
#.}.#.@Z........#
#..Z@........#
#.}.#........##
#.#. ###......#
.. ####..## ##
##.# ########
#.## ##......##
##.# #
#........## #.##
# ##.........#
#..# #


You could see Edmund, a bat zombie and a bat skeleton.

Vanquished Creatures
  Blork the orc (D:4)
  Robin (D:3)
  5 adders
  3 bats (D:1)
  A bat skeleton (D:4)
  A bat zombie (D:4)
  5 endoplasms
  3 giant cockroaches
  11 goblins
  8 hobgoblins
  4 quokkas
  6 ball pythons
  4 frilled lizards
  5 kobolds
  3 rats
61 creatures vanquished.

Notes
Turn   | Place    | Note
-------+----------+-------------------------------------------
     0 | D:1      | qw the Gargoyle Hexslinger began the quest for the Orb.
     0 | D:1      | Reached XP level 1. HP: 12/12 MP: 2/2
     0 | D:1      | 0 ||| qw: Version: 0.3-a-52-g30416fa
     0 | D:1      | 0 ||| qw: Game counter: 4972
     0 | D:1      | 0 ||| qw: Melee chars always use a shield: true
     0 | D:1      | 0 ||| qw: God list: Okawaru
     0 | D:1      | 0 ||| qw: Allow faded altars: false
     0 | D:1      | 0 ||| qw: Do Orc after clearing Dungeon:15 true
     0 | D:1      | 0 ||| qw: Do second Lair branch before Depths: true
     0 | D:1      | 0 ||| qw: Lair rune preference: random
     0 | D:1      | 0 ||| qw: Goals: Normal
     0 | D:1      | 0 ||| PLANNING D:1-11
     6 | D:1      | Noticed a servant of whispers
     6 | D:1      | Noticed a komodo dragon
     7 | D:1      | Noticed a centaur
     7 | D:1      | Noticed a hell rat
   157 | D:1      | Reached XP level 2. HP: 16/16 MP: 3/3
   326 | D:1      | Reached skill level 3 in Ranged Weapons
   694 | D:1      | 694 ||| READING scroll labelled BIQ SIURCHAOT.
   695 | D:1      | 695 ||| DROPPING scroll of poison.
   824 | D:2      | Identified the +4 ring mail of the Saviour {rPois}
   860 | D:2      | Reached XP level 3. HP: 18/21 MP: 4/4
  1010 | D:2      | You fall into a shaft and drop 1 floor!
  1011 | D:3      | 1011 ||| UPGRADING to +4 ring mail of the Saviour {rPois}.
  1021 | D:3      | 1021 ||| DROPPING +0 robe.
  1156 | D:2      | 1156 ||| READING scroll labelled QUUNES CUELLASE.
  1157 | D:2      | 1157 ||| READING scroll labelled ZIOZUU UMIRI.
  1373 | D:3      | Reached XP level 4. HP: 27/27 MP: 5/5
  1422 | D:3      | Noticed Robin
  1429 | D:3      | Killed Robin
  1430 | D:3      | Reached skill level 4 in Ranged Weapons
  1794 | D:3      | 1794 ||| UPGRADING to +2 helmet.
  1799 | D:3      | 1799 ||| UPGRADING to +4 ring of protection.
  1800 | D:3      | 1800 ||| READING scroll labelled AVEUTE NOOLLI.
  1804 | D:3      | 1804 ||| READING scroll labelled PESMAL KITAVY.
  1805 | D:3      | 1805 ||| READING scroll labelled NIYNI FOTAO.
  1806 | D:3      | 1806 ||| READING scroll labelled XIACKORUOL.
  1807 | D:3      | 1807 ||| DRINKING 2 yellow potions.
  1870 | D:4      | Found a glowing silver altar of Zin.
  1874 | D:4      | Noticed Blork the orc
  1876 | D:4      | Reached skill level 1 in Armour
  1883 | D:4      | 1883 ||| FLEEEEING.
  1884 | D:4      | 1884 ||| FLEEEEING.
  1885 | D:4      | 1885 ||| FLEEEEING.
  1886 | D:4      | 1886 ||| FLEEEEING.
  1945 | D:4      | Killed Blork the orc
  1946 | D:4      | Reached XP level 5. HP: 31/31 MP: 6/6
  1970 | D:4      | Reached skill level 5 in Ranged Weapons
  2501 | D:4      | Noticed Edmund
  2507 | D:4      | HP: 3/31 [Edmund/+4 dire flail of draining (8)]
  2508 | D:4      | 2508 ||| DRINKING potion of heal wounds.
  2512 | D:4      | HP: 7/31 [Edmund/+4 dire flail of draining (7)]
  2516 | D:4      | HP: 3/31 [Edmund/+4 dire flail of draining (5)]
  2517 | D:4      | Slain by Edmund

Levels and vault maps discovered:
D:1:      onia_arrival_zoo_common, layout_basic
D:2:      layout_rooms
D:3:      layout_basic, uniq_robin
D:4:      layout_cave_pods, mainiacjoe_overflow_concentric_impassable,
          kennysheep_vampire_church, uniq_blork_the_orc, uniq_edmund

Skill      XL: |  1  2  3  4  5 |
---------------+----------------+-----
Ranged Weapons | 3 4 5 |  5.0
Fighting       | 2 |  2.7
Armour         | 1 |  1.0
Dodging        | |  1.5
Spellcasting   | |  1.0
Hexes          | |  2.6

Action                     |  1- 3 |  4- 6 || total
---------------------------+-------+-------++-------
   Fire: Sling             |   118 |    98 ||   216
    Use: Scroll            |     3 |     4 ||     7
         Potion            |       |     2 ||     2
 Armour: Robe              |    22 |       ||    22
         Ring mail         |    12 |    91 ||   103
  Dodge: Dodged            |    42 |    90 ||   132

Table legend:
 A = Non-vault XP
 B = Vault XP
 C = Vault XP percentage of total XP
 D = Non-vault monster count
 E = Vault monster count
 F = Vault count percentage of total count
                 A         B        C        D         E       F
            +---------+---------+-------+---------+---------+-------
      Total |     147 |     129 |  46.7 |      52 |       9 |  14.8
            +---------+---------+-------+---------+---------+-------
        D:1 |      27 |       0 |   0.0 |      17 |       0 |   0.0
        D:2 |      44 |       0 |   0.0 |      13 |       0 |   0.0
        D:3 |      35 |      25 |  41.7 |      13 |       6 |  31.6
        D:4 |      41 |     104 |  71.7 |       9 |       3 |  25.0
            +---------+---------+-------+---------+---------+-------
